 Dungeon Crawl Stone Soup version 0.24.1-8-ga250c9d538 (webtiles) character file.

Game seed: 1916885341255079040, levelgen mode: deterministic

124 Peloso the Skirmisher (level 4, -9/35 HPs)
             Began as a Demonspawn Fighter on Apr 27, 2020.
             Killed by nerve-wracking pain
             ... invoked by a shadow imp
             ... summoned by Natasha
              (11 damage)
             ... on level 2 of the Dungeon.
             The game lasted 00:03:40 (1085 turns).

Peloso the Skirmisher (Demonspawn Fighter)          Turns: 1085, Time: 00:03:41

Health: -9/35      AC: 12    Str: 18    XL:     4   Next: 81%
Magic:  4/4        EV:  5    Int:  9    God:
Gold:   126        SH:  9    Dex: 12    Spells: 3/3 levels left

rFire    . . .     SeeInvis .   a - +0 long sword
rCold    . . .     Gourm    .   c - +0 shield
rNeg     . . .     Faith    .   m - +0 chain mail
rPois    .         Spirit   .   (no helmet)
rElec    .         Reflect  .   h - +0 cloak
rCorr    .         Harm     .   (no gloves)
MR       .....                  (no boots)
Stlth    ..........             (no amulet)
HPRegen  0.11/turn              (no ring)
MPRegen  0.09/turn              (no ring)

@: no status effects
A: talons 1, icy blue scales 1
a: no special abilities


You were on level 2 of the Dungeon.
You were not hungry.

You visited 1 branch of the dungeon, and saw 2 of its levels.

You collected 126 gold pieces.

Inventory:

Hand Weapons
 a - a +0 long sword (weapon)
Armour
 b - a +0 scale mail
 c - a +0 shield (worn)
 h - a +0 cloak (worn)
 m - a +0 chain mail (worn)
Wands
 l - a wand of acid (9)
Scrolls
 g - a scroll of fear {unknown}
 j - 2 scrolls of teleportation {unknown}
 k - 3 scrolls of fog {unknown}
Potions
 d - a potion of might
 e - 3 potions of curing {unknown}
 i - a potion of lignification {unknown}
 n - a potion of degeneration {unknown}
Comestibles
 f - 4 rations
 o - 4 chunks of flesh


   Skills:
 + Level 3.4 Fighting
 + Level 3.2 Long Blades
 + Level 3.2 Armour
 + Level 0.5 Dodging
 + Level 3.3 Shields


You had 3 spell levels left.
You didn't know any spells.
Your spell library was empty.

Dungeon Overview and Level Annotations

Branches:
Dungeon (2/15)

Altars:
Cheibriados

Annotations:
D:2 Natasha


Innate Abilities, Weirdness & Mutations

You have sharp toenails.
You are partially covered in icy blue scales. (AC +2)


Message History

You claw Natasha.
Natasha is heavily wounded.
Natasha claws you. You block the shadow imp's attack.
You barely miss Natasha. Your kick misses Natasha.
Natasha is heavily wounded.
Natasha claws you!
* * * LOW HITPOINT WARNING * * *
The shadow imp hits you but does no damage.
Your chain mail prevents you from hitting Natasha.
Natasha is heavily wounded.
Natasha barely misses you. You block the shadow imp's attack.
Natasha wildly gestures.
Natasha's front paws start to glow.
Natasha claws you.
* * * LOW HITPOINT WARNING * * *
Your shield and chain mail prevent you from hitting Natasha.
Natasha is heavily wounded.
The shadow imp gestures at you. Pain shoots through your body!
You die...

#.##..#### #.......
#.##.##..# ##......
#.##....## ##..... #..#...##
##..## ##......#########
#.[# #...##.........#####<##
##.#.##########.........
##..............######...
#...÷...@h......####...#.
##♣........5...............
##...............(.....#....
#...)<.♣.##.........#.......
#.........####.####....#####
#.#♣..............##...#####
#...............#.#.........
##........................##
#.................)........


You could see Natasha and a shadow imp.

Vanquished Creatures
  Natasha (twice) (D:2)
  An ooze (D:1)
  2 worms
  2 dart slugs
  3 leopard geckos (D:1)
  3 ball pythons (D:1)
  3 giant cockroaches
  7 goblins
  5 hobgoblins
  7 jackals
  2 bats
  16 frilled lizards
  2 kobolds
  5 rats
60 creatures vanquished.

Notes
Turn   | Place    | Note
-------+----------+-------------------------------------------
     0 | D:1      | Peloso the Demonspawn Fighter began the quest for the Orb.
     0 | D:1      | Reached XP level 1. HP: 18/18 MP: 1/1
   176 | D:1      | Gained mutation: You have sharp toenails. [demonic
                  | ancestry]
   176 | D:1      | Reached XP level 2. HP: 22/24 MP: 2/2
   432 | D:1      | Gained mutation: You are partially covered in icy blue
                  | scales. (AC +2) [demonic ancestry]
   432 | D:1      | Reached XP level 3. HP: 28/29 MP: 3/3
   783 | D:2      | Found a snail-covered altar of Cheibriados.
   801 | D:2      | Reached XP level 4. HP: 33/35 MP: 4/4
   897 | D:2      | Noticed Natasha
   915 | D:2      | Killed Natasha
  1053 | D:2      | Noticed Natasha
  1064 | D:2      | Killed Natasha
  1075 | D:2      | Noticed Natasha
  1084 | D:2      | HP: 1/35 [Natasha (5)]
  1085 | D:2      | Killed from afar by a shadow imp

Levels and vault maps discovered:
D:1:      matt_arrival_grand_opening, layout_basic, minmay_lizard_king
D:2:      layout_rooms, cheibriados_altar_1, first_ration, grunt_ministairs_1,
          uniq_natasha

Skill      XL: |  1  2  3  4 |
---------------+-------------+-----
Long Blades    | 2 3 |  3.2
Armour         | 3 |  3.2
Shields        | 3 |  3.3
Fighting       | |  3.4
Dodging        | |  0.5

Action                   |  1- 3 |  4- 6 || total
-------------------------+-------+-------++-------
Melee: Long sword        |   145 |    40 ||   185
       Kick              |    28 |    11 ||    39
  Eat: Chunk             |       |     1 ||     1
Armor: Scale mail        |    74 |       ||    74
       Chain mail        |    42 |    22 ||    64
Dodge: Dodged            |    51 |     8 ||    59
Block: Shield            |    90 |    18 ||   108
       Rpst.: Long sword |    20 |     3 ||    23
